AoeStats
← Mhafiki

MegaRandom

509026356Analyzed
3v3 RM · 6d ago on Sep 25, 2026· 62m 34s· 6 players
Game mode
Random Map
Map size
Normal (6 player)
Population
200
Speed
Normal
Resources
Standard
Victory
Conquest
Starting age
Dark Age
Ending age
Imperial Age
RankedLock teamsTeams togetherTeam positionsShared explorationLock speedFull tech treeHidden civsTurbo modeCheats
Victory
Defeat
🇲🇽 Dravidians · Mexico
1140
+15
🇲🇽 Georgians · Mexico
1120
+16
🇦🇷 Persians · Argentina
1078
+18
🇺🇸 Mongols · United States
1163
-18
🇺🇸 Saxons · United States
1109
-16
🇺🇸 Byzantines · United States
1086
-15
DVaso
10:32 Feudal Age
11:45 Loom
12:29 Double-Bit Axe
12:25 Horse Collar
16:04 Castle Age
17:28 Bow Saw
29:43 Imperial Age
27:51 Scale Mail Armor
28:17 Squires
27:59 Pikeman
29:46 Fletching
29:53 Halberdier
31:22 Ballistics
31:15 Heavy Plow
31:51 Guard Tower
33:03 Wheelbarrow
33:29 Shield Wall
35:40 Conscription
35:12 Arson
36:21 Bodkin Arrow
37:26 Elite Hearth Troop
38:23 Chain Mail Armor
39:01 Forging
39:50 Devotion
43:16 Hoardings
45:47 Bracer
45:44 Murder Holes
46:25 Iron Casting
46:21 Plate Mail Armor
47:20 Chemistry
46:35 Masonry
47:36 Siege Engineers
51:09 Town Watch
53:19 Elite Varangian Guard
55:19 Caravan
56:55 Two-Man Saw
56:26 Crop Rotation
56:44 Architecture
58:47 Keep
57:58 Arrowslits
Triqem
5:28 Loom
11:45 Feudal Age
18:50 Castle Age
17:40 Scale Barding Armor
17:29 Double-Bit Axe
17:46 Gold Mining
17:49 Stone Mining
23:36 Horse Collar
30:43 Imperial Age
29:10 Heavy Plow
29:41 Forging
30:44 Husbandry
32:03 Fletching
32:09 Heavy Camel Rider
35:03 Wheelbarrow
35:25 Chain Barding Armor
34:41 Light Cavalry
36:16 Hussar
38:03 Conscription
38:20 Crop Rotation
38:11 Bow Saw
38:41 Gold Shaft Mining
40:38 Two-Man Saw
40:23 Plate Barding Armor
41:07 Stone Shaft Mining
42:20 Chemistry
43:37 Iron Casting
43:08 Onager
45:09 Ballistics
48:11 Bombard Tower
50:29 Cavalier
52:48 Paladin
55:51 Scale Mail Armor
55:48 Bodkin Arrow
56:05 Squires
55:38 Elite Varangian Guard
56:06 Arson
56:08 Gambesons
56:38 Caravan
Mhafiki
5:23 Loom
11:49 Feudal Age
17:25 Castle Age
17:04 Double-Bit Axe
20:39 Bow Saw
20:11 Horse Collar
23:17 Heavy Plow
31:27 Wheelbarrow
33:40 Imperial Age
31:05 Fletching
32:04 Stone Mining
32:13 Gold Mining
33:42 Bodkin Arrow
33:47 Padded Archer Armor
34:09 Ballistics
34:03 Bloodlines
33:53 Husbandry
34:51 Thumb Ring
36:48 Gold Shaft Mining
36:55 Stone Shaft Mining
37:03 Stone Shaft Mining
37:47 Masonry
38:46 Chemistry
38:13 Parthian Tactics
39:48 Conscription
39:34 Elite Mangudai
40:37 Leather Archer Armor
40:39 Bracer
42:17 Hoardings
42:05 Drill
41:46 Nomads
43:41 Siege Engineers
43:32 Murder Holes
43:45 Onager
45:08 Siege Onager
46:39 Hoardings
56:19 Light Cavalry
58:43 Caravan
60:16 Forging
60:12 Scale Barding Armor
ManjiroSano
1:05 Loom
10:50 Feudal Age
11:59 Double-Bit Axe
16:07 Town Watch
21:39 Wheelbarrow
26:26 Castle Age
24:27 Gold Mining
24:28 Stone Mining
25:00 Bloodlines
25:17 Horse Collar
25:34 Fletching
25:47 Padded Archer Armor
25:55 Scale Barding Armor
27:12 Crossbowman
28:26 Bodkin Arrow
29:09 Bow Saw
33:59 Hand Cart
35:00 Heavy Plow
38:08 Imperial Age
36:47 Chain Barding Armor
36:39 Forging
36:32 Husbandry
37:35 Svan Towers
39:07 Iron Casting
38:26 Cavalier
39:12 Elite Monaspa
40:21 Aznauri Cavalry
40:37 Conscription
40:58 Plate Barding Armor
45:32 Crop Rotation
46:29 Light Cavalry
49:54 Blast Furnace
48:22 Capped Ram
48:45 Hussar
49:29 Siege Ram
52:03 Town Patrol
57:38 Parthian Tactics
56:34 Heavy Cavalry Archer
57:37 Bracer
57:54 Leather Archer Armor
58:57 Ballistics
59:38 Chemistry
63:01 Chemistry
Gamaleon
7:11 Loom
11:21 Feudal Age
11:40 Feudal Age
15:38 Castle Age
13:48 Horse Collar
13:58 Double-Bit Axe
21:21 Heavy Plow
23:26 Bow Saw
25:23 Light Cavalry
26:26 Husbandry
26:53 Scale Barding Armor
29:26 Wheelbarrow
28:36 Town Watch
33:00 Imperial Age
32:36 Hand Cart
32:48 Chain Barding Armor
32:38 Forging
32:19 Fletching
32:36 Thumb Ring
33:05 Medical Corps
33:29 Padded Archer Armor
34:56 Chemistry
34:08 Masonry
36:06 Two-Man Saw
35:35 Bodkin Arrow
37:09 Fortified Wall
37:20 Conscription
38:08 Town Patrol
39:34 Squires
39:02 Elite Elephant Archer
40:44 Bracer
41:00 Leather Archer Armor
41:08 Ballistics
41:33 Wootz Steel
41:31 Scale Mail Armor
44:51 Caravan
45:21 Coinage
45:03 Guilds
45:58 Bombard Tower
45:49 Careening
46:13 Elite Skirmisher
53:05 Hoardings
53:26 Banking
武瑧
11:16 Feudal Age
13:16 Loom
15:37 Castle Age
13:53 Double-Bit Axe
15:11 Horse Collar
15:39 Scale Barding Armor
15:45 Forging
16:33 Loom
23:27 Heavy Plow
26:52 Wheelbarrow
28:30 Hand Cart
31:21 Imperial Age
29:17 Scale Mail Armor
29:54 Iron Casting
30:25 Chain Mail Armor
30:39 Husbandry
30:50 Bloodlines
30:30 Arson
30:45 Squires
30:31 Gambesons
30:58 Gold Mining
31:00 Stone Mining
32:40 Blast Furnace
32:02 Conscription
32:06 Bow Saw
33:16 Plate Mail Armor
32:46 Fletching
33:58 Chemistry
34:01 Gold Shaft Mining
34:40 Two-Man Saw
33:43 Elite War Elephant
35:44 Bodkin Arrow
36:38 Crop Rotation
37:34 Padded Archer Armor
37:55 Chain Barding Armor
38:12 Caravan
38:24 Devotion
39:38 Kamandaran
39:02 Crossbowman
39:50 Thumb Ring
40:04 Leather Archer Armor
41:17 Ring Archer Armor
41:38 Parthian Tactics
42:41 Plate Barding Armor
42:28 Ballistics
44:58 Citadels
56:41 Pikeman
59:49 Halberdier
Connection lost

Rejoining the realm…

Still unreachable

The connection could not be restored.

Session expired

The server has moved on; the page needs a fresh start.